 Dungeon Crawl Stone Soup version 0.30.0-10-gfe55d96785 (webtiles) character file.

Game seed: 9721892204638432734

2069 cheesebisquit the Nimble (level 9, -11/43 HPs)
             Began as a Felid Summoner on May 15, 2023.
             Was an Initiate of Gozag.
             Shot with an arrow by a centaur warrior (28 damage)
             ... on level 9 of the Dungeon.
             The game lasted 01:22:14 (13503 turns).

cheesebisquit the Nimble (Felid Summoner)          Turns: 13503, Time: 01:22:15

Health: -11/43     AC:  2    Str:  4    XL:     9   Next: 5%
Magic:  17/20      EV: 23    Int: 22    God:    Gozag
Gold:   334        SH:  0    Dex: 16    Spells: 3/22 levels left
                                        Lives:  0   Deaths: 2

rFire   . . .        (weapon unavailable)
rCold   + . .        (shield unavailable)
rNeg    . . .        (body armour unavailable)
rPois   .            (helmet unavailable)
rElec   .            (cloak unavailable)
rCorr   .            (gloves unavailable)
SInv    +            (boots unavailable)
Will    +....        s - amulet of the acrobat
Stlth   ++           m - ring of protection from cold
HPRegen 0.27/turn    q - ring of wizardry
MPRegen 0.17/turn

%: acrobat, wizardry (x1)
@: quick
A: very small, claws 1, fangs 3, see invisible, speed 1, shaggy fur 2, stealthy
paws, no weapons or thrown items, no armour, multi-lived
a: Renounce Religion, Potion Petition, Call Merchant, Bribe Branch


You were on level 9 of the Dungeon.
You worshipped Gozag.
Gozag was aware of your devotion.
You visited 2 branches of the dungeon, and saw 10 of its levels.

You collected 906 gold pieces.
You spent 448 gold pieces at shops.
You paid 124 gold pieces to Gozag.

Inventory:

Jewellery
 m - a ring of protection from cold (left paw)
 q - a ring of wizardry (right paw)
 s - an amulet of the acrobat (around neck)
Wands
 a - a wand of light (4)
 g - a wand of iceblast (8)
 h - a wand of polymorph (7)
 u - a wand of charming (2)
Scrolls
 i - a scroll of poison {unknown}
 k - 4 scrolls of amnesia
 n - a scroll of torment
 p - 2 scrolls of silence
 v - 2 scrolls of fear {unknown}
Potions
 b - 3 potions of curing
 c - 2 potions of resistance
 d - 3 potions of brilliance
 e - 4 potions of cancellation
 f - 7 potions of heal wounds
 j - 3 potions of haste
 l - 2 potions of flight
 r - 3 potions of mutation
 w - a potion of magic
 x - a potion of might


   Skills:
 + Level 7.0 Fighting
 + Level 9.7 Dodging
 - Level 2.6 Stealth
 + Level 7.3 Spellcasting
 + Level 6.5 Hexes
 + Level 8.8 Summonings
 + Level 5.9 Air Magic


You had 3 spell levels left.
You knew the following spells:

 Your Spells              Type           Power      Damage    Failure   Level
a - Summon Small Mammal   Summ           100%       N/A       1%          1
b - Call Imp              Summ           92%        N/A       1%          2
c - Call Canine Familiar  Summ           46%        N/A       1%          3
d - Summon Guardian Gole  Hex/Summ       41%        N/A       1%          3
e - Summon Lightning Spi  Summ/Air       40%        N/A       1%          4
f - Summon Cactus Giant   Summ           23%        N/A       13%         6

Your spell library contained the following spells:

 Spells                   Type           Power      Damage    Failure   Level
 Sandblast                Erth           16%        2d6       3%          1
 Passwall                 Tmut/Erth      6%         N/A       4%          2
 Scorch                   Fire           16%        2d6       4%          2
 Ozocubu's Armour         Ice            8%         N/A       10%         3
 Stone Arrow              Conj/Erth      16%        3d8       10%         3
 Summon Mana Viper        Hex/Summ       41%        N/A       4%          5
 Summon Ice Beast         Ice/Summ       27%        N/A       5%          4
 Flame Wave               Conj/Fire      8%         2d5       32%         4
 Monstrous Menagerie      Summ           23%        N/A       56%         7
 Iskenderun's Battlesphe  Conj           8%         2d6       63%         5
 Malign Gateway           Summ/Tloc      13%        N/A       98%         7
 Spellforged Servitor     Conj/Summ      13%        N/A       98%         7
 Iron Shot                Conj/Erth      4%         9d2       99%         6
 Summon Horrible Things   Summ           23%        N/A       99%         8
 Ozocubu's Refrigeration  Ice            4%         4d8       100%        7


Dungeon Overview and Level Annotations

Branches:
Dungeon (9/15)             Temple (1/1) D:7
   Lair: D:8-11         Orc: D:9-12

Altars:
Ashenzari
Cheibriados
Dithmenos
Elyvilon
Fedhas
Gozag
Hepliaklqana
Kikubaaqudgha
Makhleb
Nemelex Xobeh
Okawaru
Qazlal
Ru
Trog
Wu Jian
Xom
Yredelemnul
Zin

Shops:
D:2 (   D:5 ?   D:6 (?   D:9 !

Annotations:
D:4 1 runed translucent door, wolfgangpup's ghost, novice OgCA
D:6 4 runed translucent doors, Crazy Yiuf; monsoonserge's ghost, novice MeFi
D:9 Harold


Innate Abilities, Weirdness & Mutations

You have sharp claws.
You have razor-sharp teeth.
You have supernaturally acute eyesight. (SInv)
You cover ground quickly. (Speed+)
You are covered in thick fur. (AC +2)
Your paws help you pounce on unaware monsters.
You are incapable of wielding weapons or throwing items.
You cannot wear armour.
You gain extra lives every three experience levels.


Message History

The arrow hits you!!
You die...
The centaur warrior shoots an arrow.
The arrow completely misses you.
You are now level 9!
You rejoin the land of the living...
A centaur warrior is nearby!
Casting: Call Imp (safe; 1% risk of failure)
Confirm with . or Enter, or press ? or * to list all spells.
A guardian golem appears, shielding your allies.
The centaur warrior shouts!
The centaur warrior wields a +0 shortbow.
The centaur warrior shoots an arrow.
The arrow hits you!
The centaur warrior shoots an arrow.
The arrow hits your guardian golem.
A centaur warrior is nearby!
The centaur warrior shoots an arrow.
The arrow hits your guardian golem!!
The centaur warrior shoots an arrow.
The arrow hits your guardian golem.
The centaur warrior shoots an arrow.
The arrow hits your guardian golem!
The centaur warrior shoots an arrow.
The arrow hits your guardian golem!
The slime creature quivers.
Found 34 gold pieces.
What are your orders? t - Meow!
Orders for allies: a - Attack new target. r - Retreat! s - Stop attacking. g - Guard the area. f - Follow me.
Anything else - Cancel.
Retreat in which direction?
Press: ? - help, Dir - move target Fall back!
Found 8 gold pieces.
The slime creature hits your guardian golem but does no damage.
Casting: Summon Guardian Golem (safe; 1% risk of failure)
Confirm with . or Enter, or press ? or * to list all spells.
A tiny devil pulls itself out of the air.
The centaur warrior shoots an arrow.
The arrow hits you!
The slime creature hits your guardian golem but does no damage.
The centaur warrior shoots an arrow.
The arrow hits you!!
Ouch! That really hurt!
You die...
Your body crumbles into a pile of gold.

# ######.#
#######......###
#.c...c.........
#.#####.#####.##
###c#####.#
#@...9J....
#5#.#####.##
#.#.# #.# ..#..
.c. ....... .#.
#..###### c .
#..#.....#
#..#$$.$$#. $


You could see a slime creature, a centaur warrior (ally target), a friendly
guardian golem (summoned) and a friendly cerulean imp (summoned).

Vanquished Creatures
  An orc (D:5)
  A bat (D:2)
  A jackal (D:2)
  A kobold (D:1)
4 creatures vanquished.

Vanquished Creatures (collateral kills)
  A troll (D:9)
  A wyvern (D:8)
  A water moccasin (D:7)
  3 orc warriors
  An ice beast (D:6)
  A sky beast (D:6)
  4 ogres
  2 centaurs
  A phantom (D:5)
  A kobold brigand (D:6)
  A nameless horror (D:6)
  2 bullfrogs
  8 scorpions
  4 wights
  Dowan (D:6)
  2 howler monkeys
  3 hounds
  2 jellies
  A sleepcap (D:5)
  9 orc wizards
  3 iguanas
  7 adders
  2 shadow imps
  An ufetubus (D:6)
  An adder zombie (D:2)
  2 worms
  A dart slug (D:4)
  16 orcs
  2 bat skeletons (D:2)
  A bat zombie (D:2)
  8 endoplasms
  2 giant cockroaches
  4 goblins
  14 hobgoblins
  2 jackals (D:2)
  7 kobolds
  6 quokkas
  8 ball pythons
  A ball python zombie (D:2)
  3 bats
  3 frilled lizards
  A giant cockroach zombie (D:2)
  A quokka skeleton (D:2)
  A quokka zombie (D:2)
  5 rats
151 creatures vanquished.

Vanquished Creatures (others)
  A two-headed ogre (D:9)
  Maggie (D:6)
  A shadow (D:9)
  12 yaks
  A basilisk (D:9)
  Grum (D:9)
  2 steam dragons (D:8)
  Menkaure (D:6)
  An acid dragon (D:7)
  Duvessa (D:6)
  An orc warrior (D:7)
  2 black bears (D:9)
  3 wolves (D:9)
  Blork the orc (D:5)
  A gnoll sergeant (D:8)
  A scorpion (D:9)
  3 wights
  A hound (D:6)
  A gnoll bouda (D:8)
  An orc wizard (D:6)
  A shadow imp (D:6)
  3 orcs
41 creatures vanquished.

Grand Total: 196 creatures vanquished

Notes
Turn   | Place    | Note
-------+----------+-------------------------------------------
     0 | D:1      | cheesebisquit the Felid Summoner began the quest for the
                  | Orb.
     0 | D:1      | Reached XP level 1. HP: 7/7 MP: 4/4
   335 | D:1      | Reached XP level 2. HP: 11/11 MP: 4/6
   397 | D:1      | Learned a level 2 spell: Call Imp
  1256 | D:2      | Found Upeb's Antique Weapon Boutique.
  1457 | D:2      | Reached XP level 3. HP: 14/14 MP: 2/8
  1783 | D:2      | Learned a level 3 spell: Call Canine Familiar
  2366 | D:2      | Reached XP level 4. HP: 18/18 MP: 5/9
  2559 | D:2      | Learned a level 3 spell: Summon Guardian Golem
  3644 | D:3      | Reached skill level 5 in Summonings
  3655 | D:3      | Reached skill level 3 in Dodging
  3655 | D:3      | Reached skill level 1 in Hexes
  4453 | D:4      | Reached XP level 5. HP: 21/21 MP: 5/11
  4567 | D:4      | Reached skill level 1 in Fighting
  4872 | D:4      | Noticed an ogre
  4885 | D:4      | Killed an ogre
  4886 | D:4      | Gained mutation: You are covered in thick fur. (AC +2)
                  | [Felid growth]
  4886 | D:4      | Reached XP level 6. HP: 26/26 MP: 5/12
  5065 | D:4      | Reached skill level 4 in Dodging
  5173 | D:4      | Found a runed translucent door.
  5175 | D:4      | Noticed wolfgangpup's ghost (novice OgCA)
  5369 | D:5      | Entered Level 5 of the Dungeon
  5748 | D:5      | Found Danoy's Magic Scroll Shoppe.
  5756 | D:5      | Bought a scroll of identify for 22 gold pieces
  5756 | D:5      | Bought a scroll of identify for 22 gold pieces
  5756 | D:5      | Bought a scroll of identify for 22 gold pieces
  5756 | D:5      | Bought a scroll of identify for 22 gold pieces
  5792 | D:5      | Learned a level 4 spell: Summon Lightning Spire
  5865 | D:5      | Noticed Blork the orc
  5887 | D:5      | Killed Blork the orc
  5888 | D:5      | Reached XP level 7. HP: 30/30 MP: 12/14
  5916 | D:5      | Found an iron altar of Okawaru.
  5918 | D:5      | Found a bloodstained altar of Trog.
  6385 | D:5      | Reached skill level 1 in Air Magic
  6499 | D:5      | Reached skill level 5 in Dodging
  6725 | D:5      | Identified the +1 helmet "Kadygh" {-Cast rF+ Dex+3}
  6868 | D:5      | Reached XP level 8. HP: 34/34 MP: 15/15
  7074 | D:5      | Found a shadowy altar of Dithmenos.
  7589 | D:6      | Found Giaceucw's Antique Weapon Boutique.
  7593 | D:6      | Noticed Duvessa
  7593 | D:6      | Noticed Dowan
  7595 | D:6      | Noticed Maggie
  7602 | D:6      | Killed Duvessa
  7603 | D:6      | Reached skill level 5 in Hexes
  7615 | D:6      | Killed Maggie
  7616 | D:6      | Reached skill level 6 in Dodging
  7652 | D:6      | Killed Dowan
  7653 | D:6      | Reached skill level 5 in Spellcasting
  7781 | D:6      | Found Nounaom's Magic Scroll Emporium.
  7927 | D:6      | Bought a scroll of butterflies for 44 gold pieces
  7927 | D:6      | Bought a scroll of identify for 22 gold pieces
  8342 | D:6      | Noticed Menkaure
  8352 | D:6      | Killed Menkaure
  8571 | D:5      | Reached XP level 9. HP: 24/39 MP: 13/18
  8684 | D:6      | Found a blossoming altar of Fedhas.
  8820 | D:6      | Reached skill level 7 in Dodging
  9250 | D:6      | Found a runed translucent door.
  9251 | D:6      | Noticed Crazy Yiuf
  9293 | D:6      | Found a runed translucent gate.
  9294 | D:6      | Found a runed translucent gate.
  9294 | D:6      | Found a runed translucent gate.
  9299 | D:6      | Reached skill level 5 in Fighting
  9316 | D:6      | Noticed monsoonserge's ghost (novice MeFi)
  9595 | D:6      | Learned a level 6 spell: Summon Cactus Giant
 10027 | D:7      | Found a staircase to the Ecumenical Temple.
 10032 | Temple   | Entered the Ecumenical Temple
 10051 | Temple   | Became a worshipper of Gozag Ym Sagoz the Greedy
 10297 | D:7      | Found a stormy altar of Qazlal.
 10614 | D:7      | Reached skill level 8 in Dodging
 11193 | D:8      | Reached XP level 10. HP: 45/45 MP: 7/20
 11532 | D:8      | Reached skill level 5 in Air Magic
 11913 | D:8      | Reached skill level 9 in Dodging
 12400 | D:9      | Found Ezxyelum's Distillery.
 12401 | D:9      | Noticed an angel
 12403 | D:9      | Found a glowing silver altar of Zin.
 12403 | D:9      | Found a shimmering altar of Xom.
 12503 | D:9      | Bought a potion of heal wounds for 70 gold pieces
 12503 | D:9      | Bought 2 potions of cancellation for 224 gold pieces
 12520 | D:9      | Noticed Grum
 12533 | D:9      | Killed Grum
 12638 | D:9      | Noticed a centaur warrior
 12672 | D:9      | HP: 1/46 [centaur warrior/arrow (26)]
 12679 | D:9      | Shot with an arrow by a centaur warrior
 12680 | D:9      | Reached XP level 9. HP: -14/42 MP: 6/20
 12680 | D:9      | Noticed a centaur warrior
 12807 | D:9      | Noticed a deep elf pyromancer
 12910 | D:9      | Noticed a two-headed ogre
 12927 | D:9      | Killed a two-headed ogre
 12928 | D:9      | Reached XP level 10. HP: 47/47 MP: 5/21
 13483 | D:9      | Noticed Harold
 13483 | D:9      | Shot with an arrow by a centaur warrior
 13484 | D:9      | Reached XP level 9. HP: -2/43 MP: 20/20
 13503 | D:9      | Shot with an arrow by a centaur warrior

Illustrated notes

Levels and vault maps discovered:
D:1:      minmay_arrival_up_and_down, layout_loops_ring
D:2:      minmay_chambers_of_twos, layout_basic, serial_undead, serial_undead_c,
          serial_undead_d, serial_undead_d, serial_undead_d, serial_undead_f,
          serial_undead_f, serial_undead_c, serial_undead_c, serial_shops, shop,
          chequers_serial_rivers_room_a
D:3:      minmay_wonky_spiral, layout_basic, serial_park_tiny_2, minivault_11
D:4:      corexii_shack_village, layout_cave_pools, ebering_ghost_inner_flame
D:5:      layout_basic, nicolae_overflow_hidden_temple, serial_shops, shop,
          hangedman_glass_teeth, grunt_tough_drop, uniq_blork_the_orc
D:6:      minmay_skewed_foursquare, layout_loops_ring,
          fedhas_bush_and_centaur_altar, biasface_ghost_orc_armoury,
          serial_shops, nicolae_shop_statue_plus, nicolae_shop_window_shopping,
          uniq_crazy_yiuf_cottage, uniq_maggie, uniq_duvessa, uniq_menkaure
D:7:      layout_rooms, mainiacjoe_overflow_paths,
          minmay_temple_entry_nine_rooms
D:8:      layout_loops_ring, minmay_fractal_squares_diagonal_5
D:9:      minmay_the_grid_4x2 [minmay_the_grid_broken_lines,
          minmay_the_grid_slots, minmay_the_grid_paths,
          minmay_the_grid_dragon_b, minmay_the_grid_eight,
          minmay_the_grid_minigrid_large, minmay_the_grid_armoury,
          minmay_the_grid_prize_trominoes], layout_loops_ring,
          mainiacjoe_overflow_small_starburst,
          grunt_temple_overflow_order_and_chaos_1, amcnicky_altar_gilded,
          grunt_lair_entry_orc_guard_hut, serial_shops, shop,
          chequers_serial_rivers_room_a, uniq_pikel, uniq_grum, uniq_harold
Temple:   minmay_freezing_vapour_temple

Skill      XL: |  1  2  3  4  5  6  7  8  9 10 |
---------------+-------------------------------+-----
Spellcasting   | 3 4 5 6 7 |  7.3
Summonings     | 5 6 7 8 |  8.8
Dodging        | 3 4 5 6 8 9 |  9.7
Hexes          | 1 2 3 4 5 6 |  6.5
Fighting       | 1 2 3 4 7 6 |  7.0
Air Magic      | 1 3 4 5 |  5.9
Stealth        | |  2.6

Action                     |  1- 3 |  4- 6 |  7- 9 | 10-12 || total
---------------------------+-------+-------+-------+-------++-------
  Melee: Unarmed           |     7 |     3 |    42 |     2 ||    54
         Bite              |     1 |       |     4 |       ||     5
   Cast: Summon Small Mamm |    73 |    32 |    23 |     3 ||   131
         Call Imp          |    23 |    20 |    23 |    10 ||    76
         Call Canine Famil |       |    29 |    62 |    10 ||   101
         Summon Guardian G |       |     2 |    36 |    24 ||    62
         Summon Lightning  |       |       |     5 |     9 ||    14
    Use: Scroll            |       |    13 |     6 |     3 ||    22
         Potion            |       |       |     3 |       ||     3
   Stab: Distracted        |       |       |     1 |       ||     1
 Armour: Skin              |     3 |       |     3 |     2 ||     8
  Dodge: Dodged            |    13 |     6 |   124 |    36 ||   179
